 Dungeon Crawl Stone Soup version 0.20.0-14-g326068f (webtiles) character file.

51 Rrauwl the Skirmisher (level 3, -4/33 HPs)
             Began as a Ghoul Monk on June 8, 2017.
             Slain by a hobgoblin
             ... wielding a +0 great mace
              (14 damage)
             ... on level 2 of the Dungeon.
             The game lasted 00:04:07 (1133 turns).

Rrauwl the Skirmisher (Ghoul Monk)                  Turns: 1133, Time: 00:04:09

Health: -4/33      AC: 13    Str: 14    XL:     3   Next: 81%
Magic:  2/2        EV:  0    Int:  5    God:
Gold:   87         SH:  0    Dex: 12    Spells: 2/2 levels left

rFire    + + .     SeeInvis .   a - +0 spear
rCold    + + .     Gourm    .   (no shield)
rNeg     + + +     Faith    .   o - +0 gold dragon scales
rPois    ∞         Spirit   .   f - +0 helmet
rElec    .         Reflect  .   (no cloak)
rCorr    .         Harm     .   (no gloves)
MR       .....                  (no boots)
Stlth    ..........             (no amulet)
Regen    0.0/turn               d - ring of protection from fire
MPRegen  0.1/turn               (no ring)

@: rotting
A: rotting body, claws 1, carnivore 3, cold resistance 1, negative energy
resistance 3, inhibited regeneration, torment resistance, unbreathing
a: no special abilities


You were on level 2 of the Dungeon.
You were not hungry.

You visited 1 branch of the dungeon, and saw 2 of its levels.

You collected 87 gold pieces.

Inventory:

Hand Weapons
 a - a +0 spear (weapon)
Armour
 b - a +0 robe
 f - a +0 helmet (worn)
 o - +0 gold dragon scales (worn)
Jewellery
 d - a ring of protection from fire (left claw)
Scrolls
 g - 3 scrolls of identify {unknown}
 h - a scroll of blinking {unknown}
 i - 2 scrolls of recharging {unknown}
 j - a scroll of teleportation {unknown}
 l - a scroll of random uselessness {unknown}
 n - a scroll of amnesia {unknown}
Potions
 e - a potion of brilliance {unknown}
 k - a potion of heal wounds {unknown}
 p - a potion of curing {unknown}
Comestibles
 c - a meat ration


   Skills:
 - Level 4.0 Fighting
 + Level 3.3 Polearms
 + Level 0.5 Armour
 - Level 3.0 Dodging
 - Level 2.1 Stealth


You had 2 spell levels left.
You didn't know any spells.

Dungeon Overview and Level Annotations

Branches:
Dungeon (2/15)

Altars:
Ru


Innate Abilities, Weirdness & Mutations

Your body is rotting away.
You thrive on raw meat.
You are immune to poison.
You have sharp fingernails.
You are carnivorous and can eat meat at any time.
Your flesh is cold resistant. (rC+)
You are immune to negative energy. (rN+++)
You do not regenerate when monsters are visible.
You are immune to unholy pain and torment.
You can survive without breathing.


Message History

The hobgoblin hits you but does no damage.
You closely miss the hobgoblin.
The hobgoblin is moderately wounded.
The dart slug launches a dart at you. The slug dart hits you!
The hobgoblin hits you with a great mace.
Your gold dragon scales prevents you from hitting the hobgoblin.
The hobgoblin is moderately wounded.
The dart slug bites you but does no damage.
You closely miss the hobgoblin.
The hobgoblin is moderately wounded.
The hobgoblin hits you but does no damage.
You hit the hobgoblin but do no damage.
The hobgoblin is moderately wounded.
The hobgoblin hits you with a great mace!
You are too injured to fight recklessly!
You hit the hobgoblin.
The hobgoblin is heavily wounded.
The hobgoblin hits you with a great mace!
You die...

#.# #.......##.# #)#
#....#####.# #.#
#.#........#
####.###..........#
........##...#.##<#
###.###.###.##)##.####.#
###.###.###.##..(w.....#
..........#.#####g######
#.###.....#.....@.#
................###
#.###......####.# #.#
#........##.# #.#
######.#.##.# #.#
#.#.##.# ... ###......#
... #.....#### ...
#.###.#


You could see a dart slug and a hobgoblin.

Vanquished Creatures
  An adder (D:2)
  A worm (D:2)
  2 dart slugs (D:1)
  6 goblins
  3 hobgoblins (D:1)
  10 jackals (D:2)
  A bat (D:1)
  2 frilled lizards (D:2)
  2 kobolds
  4 rats
32 creatures vanquished.

Notes
Turn   | Place    | Note
-------+----------+-------------------------------------------
     0 | D:1      | Rrauwl the Ghoul Monk began the quest for the Orb.
     0 | D:1      | Reached XP level 1. HP: 19/19 MP: 0/0
   220 | D:1      | Reached XP level 2. HP: 26/26 MP: 1/1
   719 | D:2      | Reached XP level 3. HP: 8/33 MP: 2/2
   889 | D:2      | Found a sacrificial altar of Ru.
   961 | D:2      | Reached skill level 4 in Fighting
  1133 | D:2      | Slain by a hobgoblin

Skill      XL: |  1  2  3 |
---------------+----------+-----
Polearms       | 3 |  3.3
Dodging        | 3 |  3.0
Fighting       | 4 |  4.0
Armour         | |  0.5
Stealth        | |  2.1

Action                   || total
-------------------------++-------
Melee: Spear             ||   168
 Stab: Sleeping          ||     3
  Eat: Chunk             ||    16
Armor: Robe              ||    20
       Gold dragon scale ||    16
Dodge: Dodged            ||    66
